 Dungeon Crawl Stone Soup version 0.29-a0-506-ga2e7fffb44 (webtiles) character file.

Game seed: 3530914808756623453

4938 NateTC the Spear-Bearer (level 10, -1/86 HPs)
             Began as a Merfolk Berserker on May 28, 2022.
             Was an Elder of Trog.
             Slain by a wraith (10 damage)
             ... on level 9 of the Dungeon on May 29, 2022.
             The game lasted 00:39:47 (8081 turns).

NateTC the Spear-Bearer (Merfolk Berserker)         Turns: 8081, Time: 00:39:48

Health: -1/86      AC: 15    Str: 23    XL:     10   Next: 52%
Magic:  11/11      EV:  9    Int:  6    God:    Trog [****..]
Gold:   639        SH:  0    Dex: 19    Spells: 9/9 levels left

rFire   . . .      SeeInvis .   a - +1 trident
rCold   . . .      Faith    .   (no shield)
rNeg    . . .      Spirit   .   j - +0 chain mail
rPois   .          Reflect  .   h - +2 helmet
rElec   .          Harm     .   e - +0 cloak
rCorr   .          Rampage  .   m - +1 pair of gloves
Will    ++...                   (no boots)
Stlth   ..........              q - amulet of regeneration
HPRegen 2.04/turn               d - +6 ring of dexterity
MPRegen 0.12/turn               v - +4 ring of slaying

@: strong-willed, regenerating, slowed, very slow
A: (nimble swimmer 2), mertail
a: Renounce Religion, Berserk, Trog's Hand, Brothers in Arms


You were on level 9 of the Dungeon.
You worshipped Trog.
Trog was greatly pleased with you.
You visited 1 branch of the dungeon, and saw 9 of its levels.

You collected 639 gold pieces.

Inventory:

Hand Weapons
 a - a +1 trident (weapon)
 b - the +8 hunting sling of Suiphil {speed, Dex+2}
   (You found it on level 6 of the Dungeon)

   Attacks with this weapon are significantly faster.
   Dex:       It affects your dexterity (+2).
Armour
 e - a +0 cloak (worn)
 h - a +2 helmet (worn)
 j - a +0 chain mail (worn)
 m - a +1 pair of gloves (worn)
Jewellery
 d - a +6 ring of dexterity (left hand)
 q - an amulet of regeneration (around neck)
 s - a ring of see invisible
 v - a +4 ring of slaying (right hand)
Wands
 r - a wand of polymorph (22)
 t - a wand of paralysis (10)
 x - a wand of flame (17)
Scrolls
 c - 4 scrolls of teleportation
 g - 2 scrolls of fog
 n - a scroll of enchant weapon
 u - a scroll of magic mapping
 y - 2 scrolls of identify
Potions
 f - 2 potions of might
 i - a potion of heal wounds
 k - 2 potions of curing
 l - 3 potions of haste
 o - 2 potions of attraction {unknown}
 p - 3 potions of cancellation
 w - 3 potions of flight {unknown}


   Skills:
 - Level 10.6 Fighting
 * Level 12.4 Polearms
 - Level 3.6 Armour
 - Level 2.6 Dodging
 - Level 1.6 Invocations
 - Level 6.3 Evocations


You had 9 spell levels left.
You didn't know any spells.
Your spell library was empty.

Dungeon Overview and Level Annotations

Branches:
Dungeon (9/15)             Temple (0/1) D:4
   Lair: D:8-11         Orc: D:9-12

Altars:
Dithmenos
Makhleb
Qazlal
Vehumet
Zin


Innate Abilities, Weirdness & Mutations

((You are very nimble when in or above water. (Stealth+, EV+, Speed+++)))
Your lower body shifts to a powerful aquatic tail in water.


Message History

You closely miss the wraith.
The wraith is lightly damaged.
The wraith hits you but does no damage.
You hit the wraith.
The wraith is lightly damaged.
You puncture the wraith!
The wraith is moderately damaged.
The gnoll sergeant hits you from afar with a +5 spear of venom.
The wraith barely misses you.
You puncture the wraith!
The wraith is heavily damaged.
The gnoll sergeant hits you from afar with a +5 spear of venom!
The wraith hits you!
* * * LOW HITPOINT WARNING * * *
The wraith drains your vigour!
You feel yourself slow down.
Reach: a) +1 trident
Press: ? - help, Dir - move target, f - gnoll sergeant
Aim: a gnoll sergeant, wielding a +5 spear of venom and wearing a +0 ring mail (about 22% to evade your +1 trident)
The wraith is in the way.
You closely miss the wraith.
The wraith is heavily damaged.
The gnoll sergeant completely misses you.
The wraith hits you.
* * * LOW HITPOINT WARNING * * *
You hit the wraith.
The wraith is severely damaged.
The gnoll sergeant hits you from afar with a +5 spear of venom!
* * * LOW HITPOINT WARNING * * *
The wraith hits you!
* * * LOW HITPOINT WARNING * * *
The wraith drains your vigour!
You feel as though you will be slow longer.
Okay, then.
Your skin crawls.
You feel strong-willed.
The gnoll sergeant hits you from afar with a +5 spear of venom.
* * * LOW HITPOINT WARNING * * *
You are lethally poisoned!
The wraith hits you but does no damage.
You feel better. The gnoll sergeant barely misses you. The wraith hits you!
You die...

..#.........## #.................
.##.........####.................
.............##.....#............
..............#..#..##...........
.......########.##..####.........
#.......).)...####### ##..##....
###....#)#..#.'.....# ###.####...
# ##..##..##..#.#.#.###....####..
####..##..##..#.@#..#...#...#....
##....##)#..#.#.#W#.#..###.......
.......#......#..g..##.# ##......
.......###########'###.## ##.....
.......#..


Y#h .# #..# ##.... .......# #. h .# #..# ###.... #......##+# . # # #..###......
........#)##### ##.......... ...##..## #...##### ##..)...#.... You could see a
yak, a wraith and a gnoll sergeant.

Vanquished Creatures
  A two-headed ogre (D:9)
  A cyclops (D:9)
  A meliai (D:9)
  Edmund (D:4)
  2 water moccasins
  Duvessa (D:6)
  An ice beast (D:7)
  4 orc warriors
  A sky beast (D:7)
  2 black bears
  3 centaurs (D:8)
  2 phantoms
  Blork the orc (D:4)
  3 kobold brigands
  2 bullfrogs (D:8)
  A gnoll sergeant (D:6)
  5 scorpions
  A wight (D:9)
  Dowan (D:6)
  4 killer bees (D:9)
  8 howler monkeys
  5 orc priests
  A hound (D:5)
  2 jellies
  Jessica (D:2)
  5 iguanas
  7 orc wizards
  Robin (D:4)
  9 gnolls
  5 adders
  2 ufetubi
  2 worms
  3 dart slugs
  26 orcs
  6 bats
  10 endoplasms
  A giant cockroach (D:3)
  16 goblins
  7 hobgoblins
  4 jackals (D:3)
  16 kobolds
  3 quokkas
  10 ball pythons
  4 frilled lizards
  6 rats
198 creatures vanquished.

Notes
Turn   | Place    | Note
-------+----------+-------------------------------------------
     0 | D:1      | NateTC the Merfolk Berserker began the quest for the Orb.
     0 | D:1      | Reached XP level 1. HP: 18/18 MP: 1/1
     1 | D:1      | Noticed an electric eel
   153 | D:1      | Reached XP level 2. HP: 24/24 MP: 2/2
   211 | D:1      | Found a faded altar of an unknown god.
   365 | D:1      | Reached skill level 5 in Polearms
   810 | D:1      | Reached XP level 3. HP: 29/29 MP: 3/3
   892 | D:2      | Noticed Jessica
   898 | D:2      | Killed Jessica
   899 | D:2      | Reached skill level 6 in Polearms
  1282 | D:2      | Reached XP level 4. HP: 35/35 MP: 4/4
  1500 | D:2      | Reached ** piety under Trog
  1767 | D:3      | Found a radiant altar of Vehumet.
  2012 | D:3      | Reached skill level 7 in Polearms
  2175 | D:3      | Reached XP level 5. HP: 38/41 MP: 5/5
  2764 | D:4      | Reached XP level 6. HP: 50/50 MP: 6/6
  2884 | D:4      | Noticed a black bear
  2891 | D:4      | Reached skill level 5 in Fighting
  2896 | D:4      | Killed a black bear
  3041 | D:4      | Noticed Blork the orc
  3055 | D:4      | Killed Blork the orc
  3055 | D:4      | Reached *** piety under Trog
  3056 | D:4      | Reached XP level 7. HP: 40/59 MP: 7/7
  3095 | D:4      | Found a staircase to the Ecumenical Temple.
  3200 | D:4      | Noticed Edmund
  3210 | D:4      | Killed Edmund
  3337 | D:4      | Noticed Robin
  3375 | D:4      | Killed Robin
  3524 | D:5      | Entered Level 5 of the Dungeon
  3630 | D:5      | Reached XP level 8. HP: 67/67 MP: 8/8
  3893 | D:5      | Found a burning altar of Makhleb.
  3897 | D:5      | Reached skill level 8 in Polearms
  4354 | D:6      | Reached skill level 9 in Polearms
  4387 | D:6      | Noticed Dowan
  4387 | D:6      | Noticed Duvessa
  4397 | D:6      | Killed Duvessa
  4404 | D:6      | Reached skill level 10 in Polearms
  4406 | D:6      | Killed Dowan
  4500 | D:6      | Reached **** piety under Trog
  4620 | D:6      | Identified the +8 hunting sling of Suiphil {speed, Dex+2}
  4989 | D:7      | Reached skill level 11 in Polearms
  5026 | D:7      | Reached XP level 9. HP: 59/74 MP: 9/9
  5120 | D:7      | Found a glowing silver altar of Zin.
  6164 | D:8      | Reached skill level 10 in Fighting
  6474 | D:8      | Found a stormy altar of Qazlal.
  6886 | D:9      | Reached skill level 1 in Evocations
  6889 | D:9      | Noticed a cyclops
  6945 | D:9      | Killed a cyclops
  6946 | D:9      | Reached XP level 10. HP: 86/86 MP: 10/10
  7359 | D:9      | Noticed a two-headed ogre
  7398 | D:9      | Killed a two-headed ogre
  7785 | D:9      | Found a shadowy altar of Dithmenos.
  8002 | D:9      | Reached skill level 12 in Polearms
  8056 | D:9      | Reached skill level 1 in Invocations
  8079 | D:9      | HP: 3/86 [wraith (10)]
  8080 | D:9      | HP: 1/86 [gnoll sergeant/+5 spear of venom (5)]
  8081 | D:9      | Slain by a wraith

Illustrated notes

Levels and vault maps discovered:
D:1:      arrival_aquarium_a, layout_loops_ring,
          shapermc_ecumenical_altar_acropolis, kennysheep_pointless_box
D:2:      layout_basic, uniq_jessica
D:3:      layout_basic, nicolae_vehumet_radiance
D:4:      layout_loops_cross, minmay_temple_entry_sparse_star,
          kennysheep_generic_room_16, uniq_blork_the_orc, uniq_robin,
          uniq_edmund
D:5:      layout_loops_ring, makhleb_blood_cavern_becter, chequers_jeans
D:6:      layout_basic, uniq_duvessa
D:7:      layout_basic, zin_treasury
D:8:      layout_cave_pools, amcnicky_altar_gilded
D:9:      minmay_clustersquares, layout_layer_cave, mainiacjoe_overflow_alcove_4

Skill      XL: |  1  2  3  4  5  6  7  8  9 10 |
---------------+-------------------------------+-----
Polearms       | 5 6 7 11 12 | 12.4
Fighting       | 4 6 7 10 | 10.6
Armour         | 3 |  3.6
Evocations     | 4 6 |  6.3
Invocations    | 1 |  1.6
Dodging        | |  2.6

Action                   |  1- 3 |  4- 6 |  7- 9 | 10-12 || total
-------------------------+-------+-------+-------+-------++-------
Melee: Spear             |    76 |     8 |       |       ||    84
       Trident           |       |   118 |   298 |   101 ||   517
       Punch             |       |     1 |     4 |       ||     5
Invok: Berserk           |     1 |       |     6 |     3 ||    10
       Trog's Hand       |       |       |       |     1 ||     1
  Use: Scroll            |     3 |     8 |     6 |       ||    17
       Potion            |       |       |     1 |     1 ||     2
 Stab: Sleeping          |     5 |       |       |       ||     5
       Distracted        |       |     1 |       |       ||     1
Armor: Animal skin       |    11 |       |       |       ||    11
       Chain mail        |    12 |    48 |   148 |    42 ||   250
Dodge: Dodged            |    31 |    43 |   116 |    27 ||   217

Table legend: (Time is in decaauts)
 A = Elapsed time spent in this place.
 B = Non-inter-level travel time spent in this place.
 C = Inter-level travel time spent in this place.
 D = Time resting spent in this place.
 E = Time spent auto-exploring this place.
 F = Levels seen in this place.
 G = Mean time per level.
                   A        B        C        D        E       F      G
               +--------+--------+--------+--------+--------+-----+--------+
         Total |   8075 |   7912 |    163 |   1463 |   2827 |   9 |  897.2 |
       Dungeon |   8075 |   7912 |    163 |   1463 |   2827 |   9 |  897.2 |
               +--------+--------+--------+--------+--------+-----+--------+

Top non-repeatable levels by time:
     D:9: 1170 daAuts
     D:7: 1107 daAuts
     D:3: 977 daAuts
     D:1: 883 daAuts
     D:2: 863 daAuts
     D:5: 833 daAuts
     D:8: 809 daAuts
     D:4: 781 daAuts
     D:6: 648 daAuts
